 Dungeon Crawl Stone Soup version 0.22-a0-369-gc73351f (webtiles) character file.

766 JeffiDaFish the Geomancer (level 7, -9/36 HPs)
             Began as a Gargoyle Earth Elementalist on Apr 25, 2018.
             Mangled by Pikel
             ... wielding a +0 whip of freezing
              (11 damage)
             ... on level 4 of the Dungeon.
             The game lasted 00:13:27 (4532 turns).

JeffiDaFish the Geomancer (GrEE)                    Turns: 4532, Time: 00:13:32

Health: -9/36      AC:  9    Str: 13    XL:     7   Next: 82%
Magic:  1/15       EV: 12    Int: 18    God:
Gold:   221        SH:  0    Dex: 10    Spells: 8/17 levels left

rFire    . . .     SeeInvis .   n - +2 dagger (speed)
rCold    + + .     Gourm    .   (no shield)
rNeg     + . .     Faith    .   r - +1 robe "Heteps" {rC+}
rPois    ∞         Spirit   .   (no helmet)
rElec    +         Reflect  .   (no cloak)
rCorr    .         Harm     .   (no gloves)
MR       +....                  (no boots)
Stlth    ++........             (no amulet)
HPRegen  0.12/turn              i - ring of protection from cold
MPRegen  0.14/turn              (no ring)

@: no status effects
A: icy blue scales 1, magic resistance 1, negative energy resistance 1,
electricity resistance, strong 1, unbreathing, petrification resistance, rot
immunity, AC +4
a: no special abilities


You were on level 4 of the Dungeon.
You were hungry.

You visited 1 branch of the dungeon, and saw 4 of its levels.

You collected 221 gold pieces.

Inventory:

Hand Weapons
 f - a +2 mace of protection
 h - a +3 short sword
 n - a +2 dagger of speed (weapon)
Missiles
 b - 26 stones (quivered)
Armour
 r - the +1 robe "Heteps" (worn) {rC+}
   (You found it on level 4 of the Dungeon)

   It protects you from cold.
Jewellery
 i - a ring of protection from cold (left hand)
Wands
 j - a wand of clouds (4)
 q - a wand of iceblast (5)
Scrolls
 a - 3 scrolls of identify
 e - 4 scrolls of teleportation
 g - 3 scrolls of fear
Potions
 p - a potion of flight
Comestibles
 d - 9 rations
 m - 3 chunks of flesh


   Skills:
 - Level 1.5 Dodging
 - Level 2.1 Stealth
 + Level 5.7 Spellcasting
   Level 0.7 Transmutations
 + Level 8.0 Earth Magic


You had 8 spell levels left.
You knew the following spells:

 Your Spells              Type           Power        Failure   Level  Hunger
a - Sandblast             Erth           ####..       1%          1    None
b - Stone Arrow           Conj/Erth      ###...       7%          3    ##.....
c - Lee's Rapid Deconstr  Erth           ####......   13%         5    #####..


Dungeon Overview and Level Annotations

Branches:
Dungeon (4/15)
 Temple: D:4-7

Altars:
Fedhas
Gozag
Nemelex Xobeh
Wu Jian

Annotations:
D:4 Pikel


Innate Abilities, Weirdness & Mutations

You are resistant to torment.
Your stone body is resilient. (AC +4)
You are immune to poison.
You resist negative energy. (rN+)
You are resistant to electric shocks. (rElec)
You can survive without breathing.
You are immune to petrification.
You are immune to rotting.
You are partially covered in icy blue scales. (AC +2)
You are resistant to hostile enchantments. (MR+)
Your muscles are strong. (Str +2)


Message History

You hit Pikel.
Pikel is almost dead.
You closely miss Pikel.
Pikel is almost dead.
The slave hits you but does no damage. Pikel closely misses you.
You hit Pikel.
Pikel is almost dead.
The slave hits you.
* * * LOW HITPOINT WARNING * * *
Pikel completely misses you.
You hit Pikel but do no damage.
Pikel is almost dead.
It was a potion of mutation.
You feel extremely strange.
You feel stronger.
You feel resistant to hostile enchantments.
Icy blue scales grow over part of your body.
The slave hits you.
* * * LOW HITPOINT WARNING * * *
Pikel hits you with a whip of freezing!
You die...

#.#.#.#.#.#.#.# #.####.
#.#.#.#.#.#.######.# #.
#.#.#.#.#.#.......## #.
#.#.#.#.#.........# #.
#.#.#.#.#........# #.
########o÷######........# #.
#......#..K.p)))......### .
#......#.############.#####.
#......+p{K@p[.....g........
###......#.#########..........
#......)).......# #..........
#.######..#####.# #..........
#.#...........#. ###........
#p#.###......... ##.###### ...
#......... #.# #.# #......#..
.# #.# #.........


You could see Pikel and 2 slaves.

Vanquished Creatures
  Sigmund (D:3)
  A slave (D:4)
  An ogre (D:4)
  Blork the orc (D:4)
  A big kobold (D:3)
  A scorpion (D:4)
  An orc priest (D:4)
  Natasha (D:2)
  Ijyb (D:4)
  A worker ant (D:4)
  Robin (D:3)
  8 gnolls
  3 adders
  An ooze (D:1)
  3 worms
  3 leopard geckos
  6 orcs (D:4)
  6 bats
  9 giant cockroaches
  16 goblins
  13 hobgoblins
  8 jackals
  16 kobolds
  A quokka (D:4)
  2 ball pythons
  6 frilled lizards
  6 rats
118 creatures vanquished.

Notes
Turn   | Place    | Note
-------+----------+-------------------------------------------
     0 | D:1      | JeffiDaFish the Gargoyle Earth Elementalist began the quest for the Orb.
     0 | D:1      | Reached XP level 1. HP: 10/10 MP: 3/3
   131 | D:1      | Reached XP level 2. HP: 8/15 MP: 1/5
   389 | D:1      | Reached skill level 4 in Earth Magic
   861 | D:1      | Reached XP level 3. HP: 17/19 MP: 6/6
   995 | D:1      | Learned a level 3 spell: Stone Arrow
  1556 | D:2      | Reached XP level 4. HP: 23/24 MP: 8/8
  1881 | D:2      | Reached skill level 5 in Earth Magic
  2651 | D:3      | Noticed Natasha
  2660 | D:2      | Killed Natasha
  2660 | D:2      | Reached XP level 5. HP: 15/28 MP: 3/10
  2798 | D:3      | Noticed Robin
  2803 | D:3      | Killed Robin
  3012 | D:3      | Learned a level 5 spell: Lee's Rapid Deconstruction
  3183 | D:3      | Found a blossoming altar of Fedhas.
  3249 | D:3      | Noticed Sigmund
  3258 | D:3      | Killed Sigmund
  3258 | D:3      | Reached skill level 6 in Earth Magic
  3258 | D:3      | Reached XP level 6. HP: 32/32 MP: 1/12
  3573 | D:3      | Found a sparkling altar of Nemelex Xobeh.
  3573 | D:3      | Found an opulent altar of Gozag.
  3908 | D:3      | Found an ornate altar of the Wu Jian Council.
  4016 | D:4      | Reached skill level 5 in Spellcasting
  4016 | D:4      | Reached skill level 7 in Earth Magic
  4016 | D:4      | Reached XP level 7. HP: 36/36 MP: 3/14
  4236 | D:4      | Noticed Ijyb
  4262 | D:4      | Killed Ijyb
  4303 | D:4      | Identified the +1 robe "Heteps" {rC+} (You found it on level 4 of the Dungeon)
  4403 | D:4      | Noticed Blork the orc
  4408 | D:4      | Killed Blork the orc
  4466 | D:4      | Noticed Pikel
  4478 | D:4      | Reached skill level 8 in Earth Magic
  4532 | D:4      | Gained mutation: Your muscles are strong. (Str +2) [potion of mutation]
  4532 | D:4      | Gained mutation: You are resistant to hostile enchantments. (MR+) [potion of mutation]
  4532 | D:4      | Gained mutation: You are partially covered in icy blue scales. (AC +2) [potion of mutation]
  4532 | D:4      | Mangled by Pikel

Vault maps used:
D:1:      dpeg_arrival_tiny_b
D:2:      first_ration, minmay_unequal
D:3:      cheibrodos_thug_alley, nicolae_overflow_crystal_walls,
          lemuel_crystal_altar, grunt_temple_overflow_opulence, uniq_sigmund,
          uniq_natasha, uniq_robin
D:4:      uniq_blork_the_orc, uniq_pikel, uniq_ijyb

Skill      XL: |  1  2  3  4  5  6  7 |
---------------+----------------------+-----
Earth Magic    | 4 5 6 7 8 |  8.0
Spellcasting   | 3 4 5 |  5.7
Dodging        | |  1.5
Stealth        | |  2.1
Transmutations | |  0.7

Action                   |  1- 3 |  4- 6 |  7- 9 || total
-------------------------+-------+-------+-------++-------
Melee: Unarmed           |    19 |       |       ||    19
       Short sword       |    76 |    82 |       ||   158
       Dagger            |       |    13 |    79 ||    92
 Cast: Sandblast         |    13 |    33 |    23 ||    69
       Stone Arrow       |     1 |    18 |     6 ||    25
       Lee's Rapid Decon |       |       |     1 ||     1
  Use: Scroll            |     5 |     4 |     1 ||    10
       Potion            |     3 |     2 |     4 ||     9
 Stab: Invisible         |     3 |       |     1 ||     4
       Sleeping          |     7 |     1 |       ||     8
  Eat: Chunk             |     2 |    10 |     2 ||    14
Armor: Robe              |    27 |    34 |    17 ||    78
Dodge: Dodged            |    67 |    49 |    40 ||   156

Table legend:
 A = Spawn XP
 B = Non-spawn XP
 C = Spawn XP percentage of total XP
 D = Spawn monster count
 E = Non-spawn monster count
 F = Spawn count percentage of total count
 G = Total turns spent on level
                    A         B        C        D         E        F      G
               +---------+---------+-------+---------+---------+-------+---------
         Total |       0 |    1095 |   0.0 |       0 |     117 |   0.0 |  4532
               +---------+---------+-------+---------+---------+-------+---------
           D:1 |       0 |      47 |   0.0 |       0 |      25 |   0.0 |  1354
           D:2 |       0 |      99 |   0.0 |       0 |      27 |   0.0 |  1106
           D:3 |       0 |     462 |   0.0 |       0 |      40 |   0.0 |  1546
           D:4 |       0 |     487 |   0.0 |       0 |      25 |   0.0 |   526
               +---------+---------+-------+---------+---------+-------+---------
